 Dungeon Crawl Stone Soup version 0.30.1-11-g7821555f0a (webtiles) character file.

Game seed: 10349481511120757570

1322 Anandil the Trooper (level 8, -14/63 HPs)
             Began as a Demonspawn Fighter on Oct 31, 2023.
             Demolished by Pikel
             ... wielding a +0 whip of electrocution
              (18 damage)
             ... on level 5 of the Dungeon.
             The game lasted 00:10:48 (5636 turns).

Anandil the Trooper (Demonspawn Fighter)            Turns: 5636, Time: 00:10:49

Health: -14/63     AC: 13    Str: 16    XL:     8   Next: 33%
Magic:  8/8        EV: 10    Int: 11    God:
Gold:   188        SH:  9    Dex: 14    Spells: 7/7 levels left

rFire   . . .        a - +0 long sword
rCold   . . .        c - +0 buckler
rNeg    . . .        f - +2 ring mail {rPois}
rPois   +            e - +0 helmet
rElec   .            l - scarf {repulsion}
rCorr   .            m - +0 pair of gloves
SInv    .            (no boots)
Will    .....        (no amulet)
Stlth   +            (no ring)
HPRegen 0.30/turn    (no ring)
MPRegen 0.11/turn

%: repel missiles
@: studying Throwing
A: claws 1, yellow scales 2, foul stench 1, condensation shield
a: no special abilities


You were on level 5 of the Dungeon.
You visited 2 branches of the dungeon, and saw 6 of its levels.

You collected 230 gold pieces.
You spent 42 gold pieces at shops.

Inventory:

Hand Weapons
 a - a +0 long sword (weapon)
Missiles
 h - 3 boomerangs (quivered)
 i - 23 stones
Armour
 b - a +0 scale mail
 c - a +0 buckler (worn)
 e - a +0 helmet (worn)
 f - a +2 ring mail of poison resistance (worn)
 l - a scarf of repulsion (worn)
 m - a +0 pair of gloves (worn)
Jewellery
 g - a ring of ice
Wands
 r - a wand of mindburst (6)
Scrolls
 j - 2 scrolls of teleportation
 n - 2 scrolls of immolation
 o - a scroll of enchant armour
 p - a scroll of blinking
 q - 4 scrolls of magic mapping
 s - a scroll of summoning
 w - a scroll of identify
Potions
 d - a potion of might
 k - 3 potions of magic
 t - a potion of mutation
 u - 2 potions of curing
 v - a potion of cancellation
 x - 2 potions of haste


   Skills:
 + Level 5.5 Fighting
 + Level 4.6 Long Blades
 + Level 4.8 Throwing
 + Level 5.1 Armour
 - Level 5.0 Shields


You had 7 spell levels left.
You didn't know any spells.
Your spell library contained the following spells:

 Spells                   Type           Power      Damage    Failure   Level
 Kiss of Death            Conj/Necr      0%         2d5       63%         1
 Magic Dart               Conj           0%         1d3       63%         1
 Blink                    Tloc           0%         N/A       77%         2
 Call Imp                 Summ           0%         N/A       77%         2
 Call Canine Familiar     Summ           0%         N/A       94%         3
 Confusing Touch          Hex            0%         N/A       94%         3
 Mephitic Cloud           Conj/Pois/Air  0%         N/A       94%         3
 Portal Projectile        Hex/Tloc       0%         N/A       94%         3
 Dispel Undead            Necr           0%         3d6       100%        4
 Leda's Liquefaction      Hex/Erth       0%         N/A       100%        4
 Manifold Assault         Tloc           0%         N/A       100%        4
 Storm Form               Tmut/Air       0%         N/A       100%        7


Dungeon Overview and Level Annotations

Branches:
Dungeon (5/15)             Temple (1/1) D:4

Altars:
Cheibriados
Dithmenos
Gozag
Makhleb
Nemelex Xobeh
Sif Muna
Vehumet
Wu Jian

Shops:
D:1 ?

Annotations:
D:5 Pikel


Innate Abilities, Weirdness & Mutations

You have sharp fingernails.
You are mostly covered in yellow scales. (AC +3)
You may rarely emit foul miasma when damaged in melee.
A meltable shield of frost defends you. (SH +4)


Message History

You block the lemure's attack. You block Pikel's attack.
The lemure hits you but does no damage.
You barely miss Pikel.
Pikel is almost dead.
You block the lemure's attack. x2; Pikel barely misses you.
Pikel hits you but does no damage.
You are electrocuted!
The lemure hits you. The lemure hits you but does no damage.
You hit Pikel but do no damage.
Pikel is almost dead.
You block the lemure's attack. The lemure hits you but does no damage.
Pikel barely misses you.
You hit Pikel but do no damage.
Pikel is almost dead.
The lemure closely misses you. The lemure hits you.
Pikel hits you with a +0 whip of electrocution!
* * * LOW HITPOINT WARNING * * *
You are electrocuted!
* * * LOW HITPOINT WARNING * * *
You feel better. You block the lemure's attack. Pikel closely misses you.
You block the lemure's attack.
You miss Pikel.
Pikel is almost dead.
The lemure closely misses you. The lemure hits you but does no damage.
Pikel hits you with a +0 whip of electrocution.
* * * LOW HITPOINT WARNING * * *
You hit Pikel but do no damage.
Pikel is almost dead.
The lemure hits you but does no damage. The lemure closely misses you.
Pikel barely misses you.
You closely miss Pikel.
Pikel is almost dead.
You block the lemure's attack.
Pikel hits you with a +0 whip of electrocution.
* * * LOW HITPOINT WARNING * * *
The lemure hits you.
* * * LOW HITPOINT WARNING * * *
Pikel hits you with a +0 whip of electrocution.
* * * LOW HITPOINT WARNING * * *
You are electrocuted!!
You die...

.#..##.......
##...........
....##.......
.............
..............
......#.##..#.
............#.##....##>.
.##
............#.##.........
# ...............# ......
................##......
......#........5K.....#
...#####.......5@....## ..
.#.# .............# ...
.### ###..........##.#....
..# ##...###.........#....
.####...# ###....##....##
....##.# ###.........#
.##....###########).....##
.##....†##....#...).......
.####.......#....#####)###


You could see Pikel and 2 lemures.

Vanquished Creatures
  Edmund (D:4)
  Duvessa (D:5)
  A black bear (D:3)
  3 ogres
  2 lemures (D:4)
  A phantom (D:3)
  Blork the orc (D:4)
  2 scorpions (D:5)
  Dowan (D:5)
  2 jellies
  An orc priest (D:5)
  3 hounds
  2 iguanas
  An orc wizard (D:5)
  10 adders
  A white imp (D:5)
  2 ufetubi
  4 worms
  4 dart slugs
  10 orcs
  5 ball pythons
  2 bats
  6 endoplasms
  2 giant cockroaches
  10 goblins
  5 hobgoblins
  4 jackals (D:2)
  4 kobolds
  3 quokkas (D:2)
  A frilled lizard (D:2)
  6 rats
101 creatures vanquished.

Notes
Turn   | Place    | Note
-------+----------+-------------------------------------------
     0 | D:1      | Anandil the Demonspawn Fighter began the quest for the Orb.
     0 | D:1      | Reached XP level 1. HP: 18/18 MP: 1/1
   126 | D:1      | Found The Oracle's Delphic Readings.
   706 | D:2      | Gained mutation: You are partially covered in yellow
                  | scales. (AC +2) [demonic ancestry]
   706 | D:2      | Reached XP level 2. HP: 18/24 MP: 2/2
   903 | D:2      | Gained mutation: You have sharp fingernails. [demonic
                  | ancestry]
   903 | D:2      | Reached XP level 3. HP: 29/29 MP: 3/3
  1315 | D:2      | Noticed an ogre
  1324 | D:2      | Killed an ogre
  1325 | D:2      | Gained mutation: You may rarely emit foul miasma when
                  | damaged in melee. [demonic ancestry]
  1325 | D:2      | Reached XP level 4. HP: 11/37 MP: 4/4
  1325 | D:2      | Gained mutation: You are mostly covered in yellow scales.
                  | (AC +3) [demonic ancestry]
  1325 | D:2      | Reached XP level 5. HP: 12/42 MP: 5/5
  1801 | D:1      | Bought a scroll of teleportation for 42 gold pieces
  1802 | D:1      | Identified a scroll of acquirement
  1806 | D:1      | Acquired a manual of Throwing
  2141 | D:3      | Found an ornate altar of the Wu Jian Council.
  2299 | D:3      | Reached skill level 1 in Throwing
  2536 | D:4      | Noticed a phantom
  2551 | D:3      | Killed a phantom
  2552 | D:3      | Reached XP level 6. HP: 39/48 MP: 6/6
  3278 | D:4      | Reached XP level 7. HP: 55/55 MP: 7/7
  3741 | D:4      | Found a snail-covered altar of Cheibriados.
  3862 | D:4      | Found a staircase to the Ecumenical Temple.
  3881 | Temple   | Entered the Ecumenical Temple
  4258 | D:5      | Entered Level 5 of the Dungeon
  4265 | D:5      | Noticed Dowan
  4279 | D:5      | Noticed Duvessa
  4286 | D:5      | Killed Duvessa
  4288 | D:5      | Killed Dowan
  4658 | D:5      | Reached skill level 5 in Fighting
  4724 | D:5      | Noticed Blork the orc
  4753 | D:4      | Killed Blork the orc
  5026 | D:5      | Found a sparkling altar of Nemelex Xobeh.
  5046 | D:5      | Noticed Pikel
  5062 | D:5      | Found a radiant altar of Vehumet.
  5165 | D:5      | Noticed Edmund
  5202 | D:4      | Killed Edmund
  5203 | D:4      | Gained mutation: A meltable shield of frost defends you.
                  | (SH +4) [demonic ancestry]
  5203 | D:4      | Reached XP level 8. HP: 14/62 MP: 8/8
  5543 | D:5      | Reached skill level 5 in Armour
  5559 | D:5      | Reached skill level 5 in Shields
  5636 | D:5      | Demolished by Pikel

Illustrated notes

Levels and vault maps discovered:
D:1:      shiori_arrival_elements, layout_basic, chequers_decorated_corner,
          minmay_misc_feat_encased, minmay_crystal_water,
          nicolae_nh_oracle_at_delphi
D:2:      minmay_skewed_foursquare, layout_basic, minmay_octomino_c4
D:3:      layout_rooms, pdpol_wu_jian_five_deadly_venoms
D:4:      layout_basic, nicolae_overflow_crystal_walls,
          minmay_temple_entry_slanted, st_stairs_10, minivault_27,
          hangedman_decor_push, minmay_tree_intersection,
          kennysheep_generic_room_6
D:5:      layout_cave_pools, nicolae_vehumet_radiance,
          nicolae_uskayaw_murder_on_the_dancefloor,
          nemelex_xobeh_ov_fountains_minmay, uniq_edmund, uniq_pikel,
          uniq_blork_the_orc, uniq_duvessa
Temple:   hellmonk_temple_beads

Skill      XL: |  1  2  3  4  5  6  7  8 |
---------------+-------------------------+-----
Long Blades    | 2 3 4 |  4.6
Armour         | 3 4 5 |  5.1
Shields        | 3 4 5 |  5.0
Fighting       | 4 5 |  5.5
Throwing       | 1 2 4 |  4.8

Action                     |  1- 3 |  4- 6 |  7- 9 || total
---------------------------+-------+-------+-------++-------
  Melee: Long sword        |    91 |   136 |   170 ||   397
  Throw: Boomerang         |       |    12 |    35 ||    47
  Evoke: Wand              |       |       |    15 ||    15
    Use: Scroll            |       |     6 |     6 ||    12
         Potion            |       |       |     1 ||     1
 Armour: Ring mail         |    43 |    86 |    86 ||   215
         Scale mail        |     2 |       |       ||     2
  Dodge: Dodged            |    40 |    75 |   100 ||   215
         Repelled          |       |     1 |     4 ||     5
  Block: Buckler           |    22 |    42 |    72 ||   136
